Map: Abyssal Reef LE

Players

Arctur

  • Race: Terran Terran
  • Spawn Location: 11:00

Harstem - Winner!

  • Race: Protoss Protoss
  • Spawn Location: 5:00

Event: WCS Valencia 2017

VOD

Have the link to the VOD?

Description

Time

  • Played on: July 13, 2017, 10:31 a.m.
  • Length: 13:49

All games in this series

Show
View Real Time Build Order
Export as new Build Order

Arctur Terran 

Build Orders: Reaper Expand, MMM Bio 

Get SALT Encoding   

  12  0:00  SCV  
  13  0:12  SCV  
  14  0:17  Supply Depot  
  14  0:24  SCV  
  15  0:39  SCV  
  15  0:40  Barracks  
  16  0:44  Refinery  
  16  0:51  SCV  
  17  1:03  SCV  
  18  1:15  SCV  
  19  1:27  Orbital Command, Reaper  
  20  1:43  Command Center  
  20  1:54  SCV, Supply Depot  
  20  1:59  Marine  
  22  2:06  SCV  
  23  2:11  Factory  
  23  2:18  Refinery  
  23  2:21  SCV  
  24  2:22  Barracks Reactor  
  24  2:33  SCV  
  25  2:45  SCV  
  26  2:55  Orbital Command  
  26  2:56  Starport, Widow Mine  
  28  2:58  SCV  
  28  2:59  Marine x2  
  31  3:09  Barracks  
  31  3:10  SCV  
  32  3:17  Marine x2  
  34  3:20  SCV  
  34  3:22  SCV  
  34  3:26  Widow Mine  
  38  3:32  SCV  
  39  3:34  Marine  
  39  3:35  SCV, Starport Tech Lab  
  39  3:37  Supply Depot  
  39  3:41  Marine  
  42  3:45  SCV  
  42  3:47  SCV  
  44  3:52  Marine  
  44  3:57  Factory Tech Lab  
  44  3:59  Marine, SCV  
  44  4:04  SCV  
  44  4:08  Supply Depot  
  44  4:09  Stimpack  
  45  4:10  Marine, Starport Reactor, Barracks  
  45  4:11  SCV  
  47  4:18  Engineering Bay  
  47  4:19  SCV, Refinery  
  47  4:24  Siege Tank  
  51  4:26  SCV  
  52  4:31  SCV  
  52  4:33  Marine x3  
  56  4:40  SCV  
  56  4:41  Supply Depot  
  56  4:43  Terran Infantry Weapons Level 1  
  56  4:44  Refinery  
  56  4:45  SCV  
  58  4:52  SCV  
  59  4:56  Siege Tank  
  62  5:00  Barracks Tech Lab  
  62  5:03  SCV  
  62  5:04  Supply Depot  
  62  5:05  Marine x3, Supply Depot  
  66  5:10  Missile Turret  
  66  5:14  SCV  
  67  5:15  SCV, Missile Turret  
  67  5:17  Combat Shields  
  68  5:22  Medivac  
  68  5:25  Medivac  
  68  5:26  SCV  
  73  5:30  Marine x2  
  73  5:31  Marine  
  73  5:33  Marine  
  77  5:36  Factory Reactor  
  77  5:38  SCV  
  77  5:40  Supply Depot  
  78  5:48  Marine  
  79  5:50  Barracks  
  79  5:53  Barracks  
  79  5:56  Marine x3  
  82  6:05  Marine  
  82  6:10  Medivac x2  
  87  6:14  Marine x2, Widow Mine, Supply Depot  
  87  6:15  Marine, Widow Mine, Supply Depot  
  87  6:17  Concussive Shells  
  94  6:23  Marine  
  94  6:27  Liberator x2  
  94  6:35  Marine x3, SCV x2  
  94  6:37  Supply Depot  
  99  6:47  Widow Mine x2  
  109  6:55  Marine  
  109  6:56  Barracks Reactor, Barracks Tech Lab  
  109  6:58  Marine  
  109  6:59  Marauder, Supply Depot x2  
  111  7:10  Marine  
  111  7:13  Marine  
  111  7:15  Widow Mine x2  
  112  7:16  Marine  
  112  7:21  Liberator  
  112  7:22  Liberator  
  99  7:23  Marine  
  99  7:24  Marine  
  99  7:28  Marine  
  99  7:31  Marine  
  99  7:34  Marine  
  98  7:37  Marine x2  
  98  7:41  Terran Infantry Armor Level 1, Marine  
  98  7:42  Marine  
  98  7:44  Widow Mine x2  
  104  7:46  Marine  
  104  7:49  Marine  
  110  7:52  Marine  
  110  7:53  Command Center  
  110  7:56  Marine  
  112  7:59  Marauder  
  114  8:07  Liberator x2  
  114  8:10  Marauder, Marine x2  
  114  8:12  Widow Mine x2  
  118  8:19  Marauder, Marine x2  
  126  8:21  Marauder  
  131  8:31  Marauder  
  131  8:41  Marauder  
  98  8:51  Liberator x2, Marine x2  
  98  8:52  Marauder  
  88  8:56  Reaper  
  88  8:57  Marine  
  88  8:58  Marauder, SCV  
  88  9:00  SCV  
  88  9:02  Marine  
  85  9:09  Marine x2  
  90  9:10  SCV, Widow Mine  
  90  9:13  Marauder, Widow Mine  
  90  9:15  Marine  
  98  9:20  SCV  
  98  9:22  SCV  
  98  9:23  Missile Turret  
  100  9:24  Marine  
  101  9:34  Liberator x2, Armory  
  101  9:35  Engineering Bay  
  101  9:37  Marine x2  
  102  9:51  Widow Mine  
  109  9:54  Widow Mine  
  109  9:58  Orbital Command  
  111  10:03  Marauder  
  111  10:05  Marine x2  
  115  10:11  Marauder, Marine  
  118  10:20  Marine  
  118  10:21  Marauder  
  121  10:22  Marine  
  122  10:30  Marauder, Refinery  
  129  10:36  Widow Mine x2  
  133  10:46  Medivac x2  
  133  10:48  Marauder, Marine x3  
  133  10:49  Marauder  
  138  10:50  Terran Infantry Armor Level 2, Terran Infantry Weapons Level 2  
  138  10:56  SCV x2  
  136  10:57  SCV  
  136  10:58  Liberator  
  136  11:00  Marine  
  137  11:08  SCV x2  
  126  11:21  SCV x2  
  126  11:25  SCV  
  118  11:27  Liberator  
  112  11:41  Liberator  
  112  11:45  Widow Mine x2  
  119  11:52  Marauder, Marine x2  
  126  12:02  Supply Depot  
  126  12:08  Marauder, Marine x2  
  130  12:10  Liberator  
  130  12:20  Marauder, Marine  
  130  12:22  SCV  
  122  12:24  Liberator, Marine  
  122  12:25  Marauder  
  123  12:37  Marauder, Marine, SCV x2  
  119  12:38  SCV  
  119  12:42  Marauder, Marine x2  
  119  12:43  Marine  
  129  12:46  Marauder  
  129  12:51  Widow Mine x2  
  103  13:06  Marauder, Marine x2  
  103  13:08  Marine  
  103  13:09  Marauder  
  96  13:18  Marine  
  96  13:19  Marauder  
  89  13:23  Marine  
  89  13:24  Marine  
Show
View Real Time Build Order
Export as new Build Order

Harstem Protoss - Winner!

Build Orders: 1 Gate Expand, Oracle Opening, Phoenix Opening 

Get SALT Encoding   

  12  0:00  Probe (Chrono Boost)  
  13  0:11  Probe (Chrono Boost)  
  14  0:17  Pylon  
  14  0:22  Probe (Chrono Boost)  
  16  0:35  Probe (Chrono Boost)  
  16  0:37  Gateway  
  16  0:46  Probe (Chrono Boost)  
  16  0:47  Assimilator  
  17  0:56  Probe (Chrono Boost)  
  18  1:07  Probe (Chrono Boost)  
  19  1:18  Probe (Chrono Boost)  
  20  1:25  Nexus  
  20  1:34  Cybernetics Core  
  20  1:36  Probe (Chrono Boost)  
  21  1:45  Assimilator  
  22  1:47  Probe (Chrono Boost)  
  22  1:53  Pylon  
  22  1:57  Probe (Chrono Boost)  
  23  2:11  Probe (Chrono Boost), Adept (Chrono Boost)  
  26  2:20  Stargate  
  25  2:24  Probe  
  26  2:35  Adept (Chrono Boost)  
  26  2:36  Probe (Chrono Boost)  
  29  2:41  Probe (Chrono Boost)  
  30  2:46  Probe  
  31  2:53  Probe (Chrono Boost)  
  31  2:57  Probe (Chrono Boost)  
  33  3:03  Probe (Chrono Boost), Oracle (Chrono Boost)  
  37  3:05  Adept  
  37  3:08  Pylon  
  37  3:10  Probe  
  40  3:14  Probe  
  41  3:22  Probe  
  41  3:25  Probe  
  43  3:34  Nexus  
  43  3:35  Probe  
  43  3:36  Probe  
  45  3:47  Probe x2  
  45  3:48  Phoenix (Chrono Boost)  
  48  3:54  Pylon  
  49  3:57  Probe  
  51  4:06  Gateway  
  51  4:08  Probe, Gateway  
  52  4:11  Mothership Core  
  55  4:17  Phoenix (Chrono Boost)  
  55  4:18  Probe  
  56  4:29  Probe, Pylon  
  57  4:32  Probe  
  60  4:38  Phoenix (Chrono Boost)  
  60  4:39  Probe  
  60  4:40  Assimilator  
  60  4:41  Pylon  
  60  4:42  Assimilator  
  60  4:44  Probe  
  62  4:49  Probe  
  62  4:50  Probe  
  62  4:52  Forge  
  64  4:57  Probe  
  64  4:58  Warp Gate (Chrono Boost)  
  65  5:01  Twilight Council  
  65  5:06  Probe, Phoenix (Chrono Boost)  
  67  5:09  Probe  
  67  5:11  Adept (Chrono Boost)  
  67  5:13  Adept (Chrono Boost)  
  75  5:14  Adept (Chrono Boost)  
  75  5:18  Probe  
  76  5:22  Pylon  
  76  5:24  Gateway  
  76  5:26  Protoss Ground Weapons Level 1  
  76  5:35  Phoenix  
  78  5:36  Probe  
  78  5:39  Gateway  
  78  5:40  Probe  
  78  5:42  Resonating Glaives (Chrono Boost)  
  80  5:46  Probe, Adept  
  80  5:49  Adept x2  
  87  5:50  Probe  
  87  5:56  Photon Cannon  
  88  6:01  Phoenix (Chrono Boost)  
  90  6:10  Pylon  
  90  6:11  Pylon  
  90  6:12  Pylon  
  90  6:16  Pylon  
  90  6:24  Phoenix  
  90  6:30  Probe, Adept x2  
  97  6:32  Pylon  
  97  6:37  Probe  
  97  6:38  Probe  
  97  6:41  Gateway  
  97  6:43  Gateway  
  97  6:45  Phoenix  
  97  6:50  Probe  
  100  6:58  Probe  
  101  7:03  Pylon  
  101  7:06  Adept x5  
  101  7:07  Phoenix  
  105  7:10  Probe  
  105  7:13  Probe x2  
  110  7:22  Probe  
  106  7:25  Probe  
  106  7:26  Adept x5  
  106  7:27  Probe  
  118  7:33  Protoss Ground Armor Level 1 (Chrono Boost), Robotics Facility  
  118  7:34  Probe  
  118  7:35  Assimilator  
  118  7:36  Assimilator  
  120  7:37  Probe  
  120  7:39  Probe  
  121  7:46  Probe, Oracle (Chrono Boost)  
  121  7:51  Adept x4  
  121  7:52  Adept x2  
  121  7:58  Pylon  
  133  8:04  Adept  
  133  8:05  Probe  
  136  8:07  Pylon  
  136  8:15  Gateway, Phoenix (Chrono Boost), Adept x2  
  142  8:23  Adept x3  
  142  8:24  Observer (Chrono Boost)  
  149  8:33  Adept  
  149  8:34  Adept  
  153  8:36  Phoenix  
  112  8:54  Adept  
  112  8:55  Adept x4  
  116  8:57  Phoenix  
  116  9:06  Probe  
  115  9:11  Probe, Warp Prism (Chrono Boost), Protoss Ground Armor Level 2 (Chrono Boost)  
  115  9:16  Probe  
  119  9:18  Gateway  
  119  9:19  Nexus  
  119  9:20  Gateway, Adept x4  
  119  9:21  Phoenix  
  129  9:28  Probe  
  129  9:30  Blink (Chrono Boost)  
  131  9:38  Robotics Bay  
  130  9:40  Probe, Robotics Facility  
  130  9:42  Probe  
  130  9:43  Probe  
  133  9:46  Pylon, Phoenix  
  127  9:54  Adept x4  
  127  9:58  Adept  
  127  9:59  Adept  
  139  10:19  Adept x6  
  145  10:22  Observer (Chrono Boost)  
  145  10:25  Phoenix  
  147  10:34  Disruptor (Chrono Boost)  
  150  10:39  Adept x7  
  164  10:43  Adept  
  166  10:51  Disruptor (Chrono Boost)  
  169  11:04  Probe  
  169  11:05  Stalker x5  
  169  11:09  Pylon  
  176  11:12  Pylon  
  176  11:17  Adept x3  
  176  11:29  Disruptor (Chrono Boost)  
  176  11:31  Sentry  
  176  11:32  Sentry, Stalker x2  
  186  11:38  Sentry  
  186  11:39  Stalker  
  186  11:40  Stalker x2  
  186  11:42  Probe  
  186  11:45  Assimilator  
  189  11:47  Photon Cannon  
  189  11:48  Photon Cannon, Assimilator  
  189  11:52  Fleet Beacon  
  186  11:57  Forge  
  186  11:59  Stargate  
  186  12:01  Pylon  
  186  12:19  Stalker  
  186  12:20  Stalker x5  
  190  12:41  Stalker x2  
  192  12:48  Tempest  
  196  13:01  Stalker  
  196  13:02  Stalker x5  
  166  13:20  Stalker x2  
  166  13:26  Stalker x6  
  168  13:44  Gateway  
  168  13:46  Gateway  
  156  13:48  Gateway  
  156  13:49  Stalker x7  
Tags
 
Add a new tag
Caveats
  • Supply blocks, unpowered buildings, or Contaminate may cause inaccurate times.
  • Supply counts are checked every 10 seconds.